 Dungeon Crawl Stone Soup version 0.30.0-3-ga4e48a9924 (webtiles) character file.

Game seed: 13926370609473385380

44 Twinkles the Shield-Bearer (level 3, -2/24 HPs)
             Began as a Gargoyle Fighter on May 7, 2023.
             Slain by Sigmund
             ... wielding a +0 scythe
              (5 damage)
             ... on level 2 of the Dungeon.
             The game lasted 00:01:42 (637 turns).

Twinkles the Shield-Bearer (Gargoyle Fighter)        Turns: 637, Time: 00:01:43

Health: -2/24      AC: 10    Str: 21    XL:     3   Next: 60%
Magic:  3/3        EV:  6    Int:  8    God:
Gold:   66         SH:  4    Dex:  9    Spells: 2/2 levels left

rFire   . . .        a - +0 flail
rCold   . . .        c - +0 buckler
rNeg    + . .        b - +0 scale mail
rPois   ∞            (no helmet)
rElec   +            (no cloak)
rCorr   .            (no gloves)
SInv    .            (no boots)
Will    .....        (no amulet) Stlth
                     (no ring)
HPRegen 0.24/turn    (no ring)
MPRegen 0.08/turn

%: no passive effects
@: constricted
A: sickness immunity, AC +3, negative energy resistance 1, electricity
resistance, torment resistance 1, petrification resistance
a: no special abilities


You were on level 2 of the Dungeon.
You visited 1 branch of the dungeon, and saw 2 of its levels.

You collected 66 gold pieces.

Inventory:

Hand Weapons
 a - a +0 flail (weapon)
Armour
 b - a +0 scale mail (worn)
 c - a +0 buckler (worn)
Scrolls
 e - a scroll of enchant weapon {unknown}
 f - a scroll of identify {unknown}
 h - a scroll of fear {unknown}
Potions
 d - a potion of heal wounds {unknown}
 g - a potion of curing {unknown}
 M - a potion of might


   Skills:
 + Level 3.7 Fighting
 + Level 2.5 Maces & Flails
 + Level 3.7 Armour
 + Level 3.8 Shields


You had 2 spell levels left.
You didn't know any spells.
Your spell library was empty.

Dungeon Overview and Level Annotations

Branches:
Dungeon (2/15) Zot: 11330

Altars:

Annotations:
D:2 Natasha, Sigmund


Innate Abilities, Weirdness & Mutations

You are immune to sickness and miasma.
Your stone body is resilient. (AC +3)
You are immune to poison.
You resist negative energy. (rN+)
You are resistant to electric shocks. (rElec)
You are resistant to unholy torment.
You are immune to petrification.


Message History

The goblin hits you but does no damage.
You barely miss the goblin. The goblin hits you but does no damage.
Natasha, Servant of Life and Death comes into view.
You barely miss the goblin. The goblin closely misses you.
Sigmund barely misses you. The goblin barely misses you.
You hit the goblin.
You kill the goblin!
Sigmund hits you but does no damage.
The ball python bites you but does no damage.
You block the ball python's attack.
You see here a +0 club.
You thump Sigmund!
Sigmund is moderately wounded.
Sigmund barely misses you. The ball python barely misses you. x2
You hit Sigmund.
Sigmund is moderately wounded.
The ball python bites you but does no damage.
The ball python grabs you. The ball python constricts you.
Natasha claws you but does no damage. Sigmund hits you with a +0 scythe!
The ball python barely misses you. The ball python constricts you.
Natasha claws you!
You are too injured to fight recklessly!
You closely miss Sigmund.
Sigmund is moderately wounded.
The ball python barely misses you. The ball python constricts you.
Sigmund screams, "I am the angel of ZOT!!!"
Sigmund hits you with a +0 scythe.
* * * LOW HITPOINT WARNING * * *
Natasha claws you.
* * * LOW HITPOINT WARNING * * *
You closely miss Sigmund.
Sigmund is moderately wounded.
The ball python closely misses you. The ball python constricts you.
* * * LOW HITPOINT WARNING * * *
Natasha claws you but does no damage.
The ball python bites you but does no damage.
The ball python constricts you.
* * * LOW HITPOINT WARNING * * *
Sigmund hits you with a +0 scythe.
You die...

.........
.......[##.# .#
........##.## #.#
.........#... ..#
............#..#
........#...#.#
......h@##....
...[..S@##..#.###
.[......##..#...
.....(...#..#.#
...#
.......#......#
...#
####..........#
....#
#..........# ...
#....<..)..#...
#..........#.#
..............#


You could see Sigmund, Natasha and a ball python.

Vanquished Creatures
  A dart slug (D:1)
  4 bats (D:1)
  6 endoplasms
  A giant cockroach (D:1)
  5 goblins
  5 hobgoblins (D:1)
  A jackal (D:1)
  2 kobolds (D:1)
  3 quokkas (D:1)
  3 ball pythons (D:1)
  2 frilled lizards (D:1)
  A rat (D:1)
34 creatures vanquished.

Notes
Turn   | Place    | Note
-------+----------+-------------------------------------------
     0 | D:1      | Twinkles the Gargoyle Fighter began the quest for the Orb.
     0 | D:1      | Reached XP level 1. HP: 14/14 MP: 1/1
    92 | D:1      | Reached XP level 2. HP: 15/19 MP: 2/2
    96 | D:1      | HP: 4/19 [endoplasm (3)]
   224 | D:1      | Reached XP level 3. HP: 20/23 MP: 3/3
   628 | D:2      | Noticed Sigmund
   630 | D:2      | Noticed Natasha
   636 | D:2      | HP: 7/24 [Sigmund/+0 scythe (2)]
   637 | D:2      | HP: 3/24 [constriction (1)]
   637 | D:2      | Slain by Sigmund

Illustrated notes

Levels and vault maps discovered:
D:1:      minmay_arrival_up_and_down, layout_rooms
D:2:      layout_rooms, minmay_pentomino_t2, uniq_sigmund, uniq_natasha

Action                     || total
---------------------------++-------
  Melee: Flail             ||   100
 Armour: Scale mail        ||    91
  Dodge: Dodged            ||    65
  Block: Buckler           ||    22
